Map: Acid Plant LE

Players

EvilBunny - Winner!

  • Race: Protoss Protoss
  • League: Silver
  • Spawn Location: 5:00

xbulka

  • Race: Terran Terran
  • League: Silver
  • Spawn Location: 11:00

VOD

Have the link to the VOD?

Description

Time

  • Played on: Oct. 23, 2018, 8:40 a.m.
  • Length: 13:24
Show
View Real Time Build Order
Export as new Build Order

EvilBunny Protoss - Winner!

Build Orders:  

Get SALT Encoding   

  12  0:01  Probe  
  13  0:13  Probe  
  14  0:25  Probe  
  14  0:26  Pylon  
  15  0:46  Gateway  
  15  0:49  Probe  
  16  0:55  Assimilator  
  16  1:01  Probe  
  17  1:16  Forge  
  17  1:33  Zealot  
  17  1:37  Cybernetics Core  
  19  1:47  Gateway  
  19  2:00  Zealot, Warp Gate  
  21  2:03  Pylon  
  21  2:17  Assimilator  
  21  2:35  Stalker  
  21  2:40  Stalker  
  25  2:48  Probe  
  25  2:56  Probe  
  27  3:06  Probe  
  28  3:18  Sentry, Probe  
  31  3:30  Nexus  
  31  3:52  Gateway  
  31  3:54  Gateway  
  31  4:25  Pylon  
  31  4:29  Pylon  
  31  4:32  Robotics Facility  
  31  4:33  Phoenix  
  31  4:42  Probe  
  32  4:46  Stalker x2  
  36  4:53  Probe  
  36  4:54  Probe  
  38  5:06  Probe x2  
  40  5:18  Probe x2  
  42  5:27  Robotics Bay  
  42  5:30  Pylon  
  42  5:33  Pylon  
  42  5:38  Probe  
  42  5:39  Probe  
  42  5:41  Gateway  
  44  5:51  Probe x2  
  46  6:02  Assimilator  
  46  6:03  Probe x2  
  48  6:11  Protoss Ground Weapons Level 1  
  48  6:14  Colossus  
  48  6:15  Probe x2  
  56  6:27  Probe  
  56  6:28  Robotics Facility  
  57  6:34  Extended Thermal Lance  
  57  6:38  Phoenix  
  57  6:42  Probe  
  57  6:43  Probe, Assimilator  
  59  6:50  Stalker  
  61  6:55  Probe x2  
  63  7:07  Probe x2  
  65  7:10  Stalker x2  
  65  7:11  Stalker  
  71  7:19  Probe  
  72  7:49  Colossus  
  72  7:51  Nexus  
  78  8:03  Pylon  
  78  8:08  Pylon  
  78  8:11  Pylon  
  78  8:17  Pylon  
  78  8:21  Protoss Ground Armor Level 1, Colossus  
  78  8:24  Zealot x3  
  78  8:25  Zealot  
  86  8:35  Twilight Council  
  86  8:37  Phoenix  
  92  8:49  Shield Battery x2  
  92  8:54  Stalker x5  
  102  8:59  Colossus  
  108  9:29  Stalker  
  108  9:30  Stalker x4  
  118  9:37  Colossus  
  124  9:47  Probe  
  124  9:51  Pylon  
  125  9:54  Pylon  
  125  9:58  Pylon  
  125  10:00  Blink  
  125  10:09  Probe x2  
  125  10:12  Stalker x4  
  135  10:29  Pylon  
  135  10:32  Pylon  
  135  10:35  Pylon  
  135  10:43  Stalker x3  
  135  10:46  Phoenix  
  141  11:04  Stalker x2  
  145  11:12  Colossus  
  145  11:18  Stalker  
  145  11:19  Stalker x2  
  157  11:44  Zealot x4  
  157  11:45  Zealot  
  113  13:11  Zealot x3  
  113  13:12  Zealot x2  
Show
View Real Time Build Order
Export as new Build Order

xbulka Terran 

Build Orders: Reaper Expand 

Get SALT Encoding   

  12  0:02  SCV  
  13  0:16  Supply Depot  
  13  0:18  SCV  
  14  0:30  SCV  
  15  0:40  Barracks  
  15  0:47  Supply Depot  
  15  0:49  SCV  
  16  0:55  Refinery  
  16  1:03  SCV  
  17  1:15  SCV  
  18  1:39  Reaper  
  19  2:03  Refinery  
  19  2:14  Reaper  
  19  2:37  Command Center  
  19  2:46  Factory  
  19  2:53  Barracks Reactor  
  19  2:59  Orbital Command  
  19  3:15  Factory  
  19  3:33  Factory Tech Lab  
  19  3:40  Marine x2  
  21  3:45  SCV  
  22  3:57  SCV, Marine  
  22  3:58  Marine  
  25  4:07  Factory Tech Lab  
  25  4:09  SCV  
  26  4:13  Starport  
  26  4:15  Marine x2  
  28  4:19  Barracks  
  28  4:21  SCV  
  29  4:26  SCV  
  30  4:33  Marine x2  
  30  4:38  SCV  
  33  4:43  Siege Tank  
  36  4:52  Engineering Bay  
  36  5:02  Marine  
  36  5:03  Marine  
  38  5:14  Supply Depot  
  38  5:18  Refinery  
  38  5:20  Marine x2  
  40  5:38  Marine x2  
  40  5:42  Missile Turret  
  42  5:54  Sensor Tower  
  42  5:57  Siege Tank  
  42  5:58  Siege Tank  
  42  6:03  Missile Turret, Starport Reactor  
  48  6:05  Marine  
  48  6:11  SCV  
  50  6:25  Orbital Command  
  50  6:26  SCV, Sensor Tower  
  50  6:31  Barracks Tech Lab  
  51  6:39  SCV  
  52  6:44  Refinery  
  52  6:52  SCV  
  53  7:02  Supply Depot  
  53  7:04  SCV  
  54  7:15  Marauder, Viking  
  58  7:16  SCV  
  58  7:17  Supply Depot  
  59  7:28  Viking  
  61  7:57  SCV  
  61  7:58  Missile Turret  
  62  8:01  Viking  
  64  8:09  Concussive Shells  
  64  8:10  SCV  
  65  8:22  SCV, Viking  
  65  8:25  Missile Turret  
  68  8:31  Viking, Supply Depot  
  68  8:34  SCV  
  71  8:43  SCV  
  71  8:46  SCV  
  73  8:52  Combat Shields  
  73  8:54  Missile Turret  
  73  8:55  SCV  
  74  8:58  SCV  
  74  9:00  Medivac  
  74  9:01  Medivac  
  79  9:10  SCV  
  79  9:13  Siege Tank  
  83  9:18  Widow Mine  
  85  9:27  Supply Depot  
  85  9:46  Siege Tank  
  85  9:47  Marauder, Widow Mine  
  85  9:50  Supply Depot  
  92  10:08  Marauder  
  94  10:19  Widow Mine  
  96  10:29  Marauder  
  98  10:40  Fusion Core  
  98  10:42  Siege Tank  
  101  10:51  Marauder  
  103  11:12  Marauder  
  103  11:13  Sensor Tower  
  103  11:14  Siege Tank, Viking x2  
  112  11:28  Armory  
  112  11:34  Marauder  
  112  11:39  Sensor Tower  
  114  11:46  Siege Tank  
  117  12:03  Starport  
  117  12:07  Command Center  
  117  12:10  Sensor Tower  
  117  12:13  Supply Depot  
  117  12:18  Marauder, Siege Tank  
  122  12:37  Supply Depot  
  122  12:39  Marauder  
  122  12:41  Starport Tech Lab  
  124  12:50  Siege Tank  
  127  12:58  Refinery  
  122  13:00  Supply Depot  
  122  13:01  Marauder  
Tags
 
Add a new tag
Caveats
  • Supply blocks, unpowered buildings, or Contaminate may cause inaccurate times.
  • Supply counts are checked every 10 seconds.